Match 47502717
Unlisted

Match 47502717
End
Panzergrenadier Squad
Panzerpioneer Squad
250 Light Carrier
Construct Light Support Kompanie
Panzergrenadier Squad
Fire Support Elements
Veteran Squad Leaders
Panzerjäger Mechanized Group
Selects Battlefield Espionage Battlegroup
Selects Intel Disruption Beacon
Selects Plunder
Panzerjäger Squad
2.5-tonne Medical Truck
Panzerjäger Squad
Construct Panzerarmee Kommand
Selects 250/3 Funkpanzerwagen
Assault Mechanized Group
Walking Stuka Rocket Launcher
Walking Stuka Rocket Launcher
Selects Firestorm
Selects Advanced Ambush Training
Firestorm
Selects Operation Skorpion
Armored Reserves
Vehicle Survival Package
Emergency Repair Kits
Firestorm
Panzergrenadier Squad
Tiger Heavy Tank
Firestorm
Panzerjäger Squad
Tungsten Core Ammunition
Panzerjäger Squad
Construct Mechanized Kompanie
18-tonne Recovery Half-track
2.5-tonne Medical Truck
Firestorm
Firestorm
Panzerjäger Squad
9magicfingers
Водитель по Губам
-=Thrawn=-
BieTaMaShuoYingYu
RicardoZ
tidi
狂歌
Lakina
0
0

Comments sign in to comment!

No comments posted yet!